 Dungeon Crawl Stone Soup version 0.31-a0-986-g5e6e4ef867 (webtiles) character file.

Game seed: 16854416635069431902

607 LeprechaunX the Changeling (level 7, 0/46 HPs)
             Began as an Octopode Shapeshifter on Nov 20, 2023.
             Was an Initiate of Hepliaklqana.
             Slain by Dowan
             ... wielding a +0 dagger of electrocution
              (7 damage)
             ... on level 4 of the Dungeon.
             The game lasted 00:04:54 (3370 turns).

LeprechaunX the Changeling (Octopode Shapeshifter)  Turns: 3370, Time: 00:04:55

Health: 0/46       AC:  1    Str: 15    XL:     7   Next: 43%
Magic:  8/8        EV: 13    Int: 12    God:    Hepliaklqana [......]
Gold:   156        SH:  0    Dex: 18    Spells: 6/8 levels left

rFire   . .          .
                       - Unarmed
rCold   . . .        (no shield)
rNeg    . . .        (helmet currently unavailable)
rPois   .            (no amulet)
rElec   .            g - +6 ring of dexterity
rCorr   .            (no ring)
SInv    .            (no ring)
Will    .....        (no ring)
Stlth   +++          (no ring)
HPRegen 0.27/turn    (no ring)
MPRegen 0.11/turn    (no ring)
                     (no ring)

%: no passive effects
@: beast-form
A: beast (slay +3), almost no armour, amphibious, 8 rings, camouflage 1,
gelatinous body 1, (nimble swimmer 1), tentacles
a: Begin Untransformation, Renounce Religion


You were on level 4 of the Dungeon.
You worshipped Hepliaklqana.
Hepliaklqana was noncommittal.
You were a hulking beast.
You visited 1 branch of the dungeon, and saw 4 of its levels.
You also visited: Sewer.

You collected 156 gold pieces.

Inventory:

Hand Weapons
 a - a +0 sling
Missiles
 w - 2 boomerangs (quivered)
Jewellery
 g - a +6 ring of dexterity (left tentacle)
Talismans
 b - a beast talisman
 c - a flux talisman
Scrolls
 e - 2 scrolls of torment {unknown}
 f - 3 scrolls of revelation {unknown}
 h - a scroll of fog {unknown}
 j - a scroll of butterflies {unknown}
 l - 2 scrolls of teleportation {unknown}
 n - 5 scrolls of identify {unknown}
 o - 2 scrolls of amnesia {unknown}
 p - a scroll of brand weapon {unknown}
 r - a scroll of enchant weapon {unknown}
 s - a scroll of fear {unknown}
 t - 2 scrolls of noise {unknown}
 v - a scroll of blinking {unknown}
Potions
 d - 3 potions of curing {unknown}
 i - 2 potions of heal wounds {unknown}
 k - 3 potions of enlightenment {unknown}
 m - a potion of lignification
 q - 2 potions of degeneration {unknown}
 u - 3 potions of magic {unknown}
 x - a potion of haste {unknown}
 z - a potion of brilliance {unknown}
 A - a potion of might {unknown}
 B - a potion of mutation {unknown}


   Skills:
 + Level 3.5 Fighting
 + Level 1.3 Throwing
 - Level 2.0 Dodging
 + Level 4.6 Unarmed Combat
 + Level 1.1 Spellcasting
 + Level 1.2 Translocations
 * Level 5.5 Shapeshifting


You had 6 spell levels left.
You knew the following spells:

 Your Spells              Type           Power      Damage    Failure   Level
a - Blink                 Tloc           6%         N/A       26%         2

Your spell library contained the following spells:

 Spells                   Type           Power      Damage    Failure   Level
 Lesser Beckoning         Tloc           6%         N/A       26%         2
 Freeze                   Ice            0%         1d3       30%         1
 Gell's Gravitas          Tloc           3%         N/A       47%         3
 Teleport Other           Tloc           3%         N/A       47%         3
 Frozen Ramparts          Ice            0%         1d1       65%         3
 Hailstorm                Conj/Ice       0%         3d3       65%         3
 Manifold Assault         Tloc           3%         N/A       87%         4


Dungeon Overview and Level Annotations

Branches:
Dungeon (4/15)             Temple (0/1) D:4           Sewer (visited)

Altars:
Hepliaklqana

Shops:
D:1 =

Annotations:
D:4 Dowan


Innate Abilities, Weirdness & Mutations

You are a hulking beast.
Your limbs bulge with bestial killing power. (Slay +3)
You cannot wear most types of armour.
You are amphibious.
You can wear up to eight rings at the same time.
Your skin changes colour to match your surroundings (Stealth+).
Your rubbery body absorbs attacks. (AC +1, EV +1)
((You are camouflaged when in or above water. (Stealth+)))
You have tentacles for arms and can constrict up to eight enemies at once.


Message History

Duvessa says, "Where magic fails, the sword succeeds!"
Duvessa hits you with a +0 rapier.
You tentacle-slap Duvessa.
Duvessa is severely wounded.
You constrict Duvessa. Duvessa misses you.
You barely miss Duvessa.
Duvessa is severely wounded.
You constrict Duvessa. Duvessa hits you with a +0 rapier!
You tentacle-slap Duvessa. You squeeze Duvessa.
You kill Duvessa!
Dowan screams, "No!
Oh no!"
Dowan seems to find hidden reserves of power!
Dowan gestures at you while chanting. The shard of ice hits you!
* * * LOW HITPOINT WARNING * * *
Your Spellcasting skill increases to level 1!
You swing at nothing.
Dowan casts a spell.
Dowan blinks!
You swing at nothing.
Items here: ))) [.
You swing at nothing.
Dowan barely misses you.
You tentacle-slap Dowan. You grab Dowan.
Dowan is lightly wounded.
You constrict Dowan.
Dowan points at you and mumbles some strange words.
The shard of ice misses you.
You tentacle-slap Dowan.
Dowan is moderately wounded.
You constrict Dowan. Dowan closely misses you.
You completely miss Dowan.
Dowan is heavily wounded.
You constrict Dowan.
Dowan mumbles some strange words.
Dowan blinks free!
Dowan gestures at you while chanting. The stone arrow hits you.
* * * LOW HITPOINT WARNING * * *
Dowan hits you with a +0 dagger of electrocution!
You die...

...........# ##.<.....###
#.......# ##.......#
.........### #####
##.........# #...#
....###....# #...#
.#....#....###..e#######
..|..........ยง..h.......
...###)...##############
.##...##....#
#..###..#...#
..#...#..#...# .#.##
.#?#.#+## . #.#
..#.#.#...#####...
#.#.>.#.#.#...........
#.#...#.#.#..[..##


You could see Dowan (fast).

Vanquished Creatures
  Duvessa (D:4)
  An ogre (D:4)
  A phantom (D:4)
  An orc priest (D:3)
  A jelly (Sewer)
  An iguana (D:3)
  5 river rats
  8 adders
  4 worms
  8 orcs
  23 endoplasms
  9 giant cockroaches
  5 goblins
  10 hobgoblins
  6 jackals
  2 quokkas
  18 ball pythons
  3 bats
  8 frilled lizards
  6 kobolds
  14 rats
135 creatures vanquished.

Notes
Turn   | Place    | Note
-------+----------+-------------------------------------------
     0 | D:1      | LeprechaunX the Octopode Shapeshifter began the quest for
                  | the Orb.
     0 | D:1      | Reached XP level 1. HP: 13/13 MP: 1/1
    47 | D:1      | Reached XP level 2. HP: 15/18 MP: 2/2
   202 | D:1      | Found Pausog's Jewellery Shoppe.
   214 | D:1      | Reached XP level 3. HP: 23/23 MP: 3/3
   959 | D:2      | Reached XP level 4. HP: 16/29 MP: 4/4
  1330 | D:2      | Reached skill level 4 in Shapeshifting
  1747 | D:3      | Reached XP level 5. HP: 35/35 MP: 5/5
  2117 | D:3      | Found a hazy altar of Hepliaklqana.
  2141 | D:3      | Became a worshipper of Hepliaklqana the Forgotten
  2247 | D:3      | Reached XP level 6. HP: 22/41 MP: 6/6
  2668 | D:4      | Found a staircase to the Ecumenical Temple.
  2701 | D:4      | Reached skill level 5 in Shapeshifting
  2738 | D:4      | Found a glowing drain.
  2759 | Sewer    | Entered a sewer
  2764 | Sewer    | Learned a level 2 spell: Blink
  3242 | Sewer    | Found a viscous altar of Jiyva.
  3347 | D:4      | Reached XP level 7. HP: 46/46 MP: 7/7
  3347 | D:4      | Noticed Duvessa
  3348 | D:4      | Noticed Dowan
  3352 | D:4      | Reached skill level 1 in Throwing
  3352 | D:4      | Reached skill level 1 in Translocations
  3360 | D:4      | Killed Duvessa
  3361 | D:4      | Reached skill level 1 in Spellcasting
  3370 | D:4      | Slain by Dowan

Illustrated notes

Levels and vault maps discovered:
D:1:      onia_arrival_handbag, layout_rooms, serial_shops, nicolae_shop_stone,
          nicolae_concentric_dashed_squares_mild,
          nicolae_kite_square_tiling_tiny, serial_bayou_ford_a,
          minmay_heptomino_w4
D:2:      layout_basic
D:3:      layout_basic, lemuel_doored_altar, chequers_avenue,
          amcnicky_mini_rare_corridor_liquid, ebering_dispersal_statue_hall,
          grunt_decor_resistance, uniq_crazy_yiuf_cottage
D:4:      kennysheep_six_static_rooms, layout_basic,
          minmay_temple_entry_steel_oval, portal_sewer_entry_b, uniq_duvessa

Skill      XL: |  1  2  3  4  5  6  7 |
---------------+----------------------+-----
Fighting       | 2 3 |  3.5
Shapeshifting  | 4 5 |  5.5
Unarmed Combat | 4 |  4.6
Throwing       | 1 |  1.3
Translocations | 1 |  1.2
Spellcasting   | 1 |  1.1
Dodging        | |  2.0

Action                     |  1- 3 |  4- 6 |  7- 9 || total
---------------------------+-------+-------+-------++-------
  Melee: Unarmed           |    81 |   163 |    13 ||   257
         Constrict         |    19 |    34 |     2 ||    55
         Tentacles         |    13 |    26 |     5 ||    44
         Punch             |     1 |     6 |       ||     7
  Throw: Boomerang         |       |       |     2 ||     2
   Stab: Sleeping          |     6 |    14 |       ||    20
 Armour: Skin              |    30 |    58 |     6 ||    94
  Dodge: Dodged            |    31 |    79 |     8 ||   118

Table legend: (Time is in decaauts)
 A = Elapsed time spent in this place.
 B = Non-inter-level travel time spent in this place.
 C = Inter-level travel time spent in this place.
 D = Time resting spent in this place.
 E = Time spent auto-exploring this place.
 F = Levels seen in this place.
 G = Mean time per level.
                   A        B        C        D        E       F      G
               +--------+--------+--------+--------+--------+-----+--------+
         Total |   3349 |   3243 |    106 |      0 |   2503 |   5 |  669.8 |
       Dungeon |   2831 |   2725 |    106 |      0 |   2136 |   4 |  707.8 |
         Sewer |    517 |    517 |      0 |      0 |    367 |   1 |  517.0 |
               +--------+--------+--------+--------+--------+-----+--------+

Top non-repeatable levels by time:
     D:2: 972 daAuts
     D:3: 815 daAuts
     D:1: 753 daAuts
   Sewer: 517 daAuts
     D:4: 290 daAuts
